 Dungeon Crawl Stone Soup version 0.27.0-1-g7a089689b8 (webtiles) character file.

Game seed: 5797828406739317925

2646 Sin92 the Cleaver (level 9, -3/75 (78) HPs)
             Began as a Minotaur Fighter on Aug 13, 2021.
             Was a Believer of Okawaru.
             Slain by Maurice (5 damage)
             ... while petrified by Psyche
             ... on level 8 of the Dungeon.
             The game lasted 00:08:46 (6669 turns).

Sin92 the Cleaver (Minotaur Fighter)                Turns: 6669, Time: 00:08:46

HP:   -3/75 (78)    AC: -4    Str: 21 (24) XL:     9   Next: 35%
MP:   10/10         EV:  5    Int:  3 (5)  God:    Okawaru [**....]
Gold: 325           SH:  0    Dex: 14 (15) Spells: 8/8 levels left

rFire    . . .     SeeInvis .   (weapon currently unavailable)
rCold    . . .     Faith    .   (shield currently unavailable)
rNeg     + + +     Spirit   .   (armour currently unavailable)
rPois    ∞         Reflect  .   (helmet currently unavailable)
rElec    .         Harm     .   (cloak currently unavailable)
rCorr    .         Rampage  .   (gloves currently unavailable)
Will     .....                  (boots currently unavailable)
Stlth    +.........             s - amulet of regeneration
HPRegen  1.22/turn              (ring currently unavailable)
MPRegen  0.12/turn              (ring currently unavailable)

@: agile, lethally poisoned (-3 -> -3), bat-form (expiring), petrified,
corroded, flying, very slightly contaminated, lightly drained, invisible, very
quick
A: fast, flying, no casting, tiny, (horns 2), (retaliatory headbutt)
a: Renounce Religion, Heroism


You were on level 8 of the Dungeon.
You worshipped Okawaru.
Okawaru was pleased with you.
You were a bat.
You visited 2 branches of the dungeon, and saw 9 of its levels.
You also visited: Sewer.

You collected 325 gold pieces.

Inventory:

Hand Weapons
 a - a +1 war axe of protection (melded)
Armour
 c - a +0 kite shield (melded)
 l - a +2 hat of intelligence (melded)
 q - a +0 chain mail (melded)
 A - a +0 cloak (melded)
Jewellery
 k - a +4 ring of protection (melded)
 s - an amulet of regeneration (around neck)
 w - a ring of flight (melded)
Scrolls
 b - a scroll of amnesia
 u - a scroll of identify
 x - 3 scrolls of teleportation
Potions
 e - a potion of ambrosia
 f - 2 potions of cancellation
 g - 2 potions of heal wounds
 h - a potion of curing
 n - 4 potions of haste
 p - a potion of attraction
 r - 2 potions of invisibility
 t - a potion of might


   Skills:
 + Level 6.9 Fighting
 * Level 8.8 Axes
 + Level 6.9 Armour
 + Level 5.2 Dodging
 + Level 7.0 Shields
 + Level 3.5 Invocations


You had 8 spell levels left.
You didn't know any spells.
Your spell library contained the following spells:

 Spells                   Type           Power      Damage    Failure   Level
 Corona                   Hex            0%         N/A       52%         1
 Blink                    Tloc           N/A        N/A       67%         2
 Ensorcelled Hibernation  Hex/Ice        0%         N/A       67%         2
 Dazzling Flash           Conj/Hex       0%         N/A       88%         3
 Lesser Beckoning         Tloc           0%         N/A       88%         3
 Tukima's Dance           Hex            0%         N/A       88%         3
 Agony                    Necr           0%         N/A       100%        5
 Manifold Assault         Tloc           0%         N/A       100%        5
 Silence                  Hex/Air        0%         N/A       100%        5


Dungeon Overview and Level Annotations

Branches:
Dungeon (8/15)             Temple (1/1) D:4           Sewer (visited)
   Lair: D:8-11

Altars:
Ashenzari
Cheibriados
Dithmenos
Elyvilon
Gozag
Hepliaklqana
Kikubaaqudgha
Makhleb
Nemelex Xobeh
Okawaru
Qazlal
Ru
Sif Muna
Uskayaw
Vehumet
Wu Jian
Xom
Yredelemnul
Zin

Shops:
D:3 [

Annotations:
D:8 Maurice, Psyche


Innate Abilities, Weirdness & Mutations

You are a bat.
You are tiny and dextrous.
You move quickly.
You are flying.
You are immune to poison.
Your equipment is almost entirely melded.
You are incapable of wielding weapons or throwing items.
You cannot cast spells.
((You have a pair of horns on your head.))
((You reflexively headbutt those who attack you in melee.))


Message History

You are poisoned.
Something hits you.
Something steals your wand of acid (12)!
You have turned to stone.
Something hits you! x2; Something steals your +4 flail!
You hear some strange, mumbled words.
A swirling arc of seething chaos appears!
An arc of chaos appears from out of thin air!
The arc of chaos hits you!
Something tries to affect you, but you resist.
The arc of chaos hits something.
You hear some strange, mumbled words.
Something hits you!
You feel agile all of a sudden. Something hits you. Something freezes you.
Something hits you. Something hits you. Something steals your amulet of faith!
Something hits you! Something hits you.
You fade into invisibility!
You are very lightly contaminated with residual magic.
You hear a zap.
A bolt of acid appears from out of thin air!
The bolt of acid hits you!!
You are splashed with acid!
You hear some strange, mumbled words.
Something tries to affect you, but you resist.
You hear a zap.
A bolt of acid appears from out of thin air!
The bolt of acid hits you!!
* * * LOW HITPOINT WARNING * * *
The acid corrodes you!
You are splashed with acid!
* * * LOW HITPOINT WARNING * * *
Something completely misses you. Something hits you!
* * * LOW HITPOINT WARNING * * *
Something steals your throwing net! Something hits you.
* * * LOW HITPOINT WARNING * * *
Your transformation is almost over.
Something hits you.
* * * LOW HITPOINT WARNING * * *
Something freezes you. Something hits you!
You die...

####...####)$# .........
#..#....###.## .........
.......##....##.# ....##
#.........#.....# ......
##.....#.##....###....##
#........#.....##..)...#
......................).
..#............{........
..###...........b...###.
# #............##..#
##...##.......# ..# #..#
##.###... ... ## #...#
.. #.... . #.....
....#.#


There were no monsters in sight!

Vanquished Creatures
  Pikel (D:4)
  3 sky beasts
  An ice beast (D:7)
  A black bear (D:6)
  A necrophage (D:5)
  A scorpion (D:7)
  2 water moccasin skeletons (D:6)
  5 killer bees (D:6)
  3 electric eels (D:7)
  5 howler monkeys
  8 wights
  A bullfrog zombie (D:5)
  4 hounds (D:5)
  5 jellies
  A centaur skeleton (D:5)
  Crazy Yiuf (D:7)
  A gnoll shaman (D:6)
  An iguana (D:7)
  5 gnolls (D:6)
  8 adders
  3 river rats
  3 white imps
  3 worms
  3 dart slugs
  An orc (D:4)
  9 ball pythons
  6 endoplasms
  2 giant cockroaches (D:2)
  2 goblins
  5 hobgoblins
  4 jackals (D:3)
  15 kobolds
  2 quokkas
  2 bats
  A frilled lizard (D:2)
  8 rats
127 creatures vanquished.

Vanquished Creatures (collateral kills)
  An electric eel (D:7)
1 creature vanquished.

Vanquished Creatures (others)
  9 plants (D:3)
9 creatures vanquished.

Grand Total: 137 creatures vanquished

Notes
Turn   | Place    | Note
-------+----------+-------------------------------------------
     0 | D:1      | Sin92 the Minotaur Fighter began the quest for the Orb.
     0 | D:1      | Reached XP level 1. HP: 19/19 MP: 0/0
   261 | D:1      | Reached XP level 2. HP: 27/27 MP: 1/1
   894 | D:2      | Reached skill level 3 in Axes
  1071 | D:2      | Reached XP level 3. HP: 33/33 MP: 2/2
  1084 | D:2      | Reached skill level 1 in Dodging
  1453 | D:2      | Found a faded altar of an unknown god.
  1738 | D:3      | Reached XP level 4. HP: 37/40 MP: 3/3
  1970 | D:3      | Found Miujuin's Armour Shop.
  2190 | D:3      | Found a sacrificial altar of Ru.
  2357 | D:4      | Reached skill level 4 in Axes
  2414 | D:4      | Noticed a lemure
  2414 | D:4      | Noticed a lemure
  2415 | D:4      | Noticed a lemure
  2416 | D:4      | Noticed Pikel
  2416 | D:4      | Noticed a lemure
  2449 | D:4      | Killed Pikel
  2449 | D:4      | HP: 2/41 [quokka (2)]
  2450 | D:4      | Reached skill level 5 in Fighting
  2450 | D:4      | Reached skill level 5 in Axes
  2450 | D:4      | Reached skill level 5 in Armour
  2450 | D:4      | Reached skill level 5 in Shields
  2450 | D:4      | Reached XP level 5. HP: 3/48 MP: 4/4
  2450 | D:4      | Reached XP level 6. HP: 3/56 MP: 5/5
  2450 | D:4      | Reached XP level 7. HP: 3/61 MP: 6/6
  2753 | D:4      | Found a staircase to the Ecumenical Temple.
  2770 | Temple   | Entered the Ecumenical Temple
  2933 | Temple   | Became a worshipper of Warmaster Okawaru
  3330 | D:4      | Found an opulent altar of Gozag.
  3404 | D:5      | Entered Level 5 of the Dungeon
  3409 | D:5      | Reached skill level 6 in Axes
  3518 | D:5      | Reached skill level 1 in Invocations
  3630 | D:5      | Found a shimmering altar of Xom.
  3948 | D:6      | Reached * piety under Okawaru
  3949 | D:6      | Reached XP level 8. HP: 49/70 MP: 8/8
  3974 | D:6      | Reached skill level 7 in Axes
  4468 | D:6      | Found a glowing drain.
  4472 | Sewer    | Entered a sewer
  4975 | D:6      | Reached ** piety under Okawaru
  4976 | D:6      | Reached skill level 8 in Axes
  5789 | D:7      | Reached XP level 9. HP: 78/78 MP: 10/10
  5822 | D:7      | Found a runed translucent door.
  5823 | D:7      | Noticed Crazy Yiuf
  6115 | D:7      | Reached skill level 5 in Dodging
  6535 | D:7      | Killed Crazy Yiuf
  6646 | D:8      | Noticed Psyche
  6651 | D:8      | Noticed Maurice
  6669 | D:8      | HP: 2/75 [something (3)]
  6669 | D:8      | Slain by Maurice

Illustrated notes

Levels and vault maps discovered:
D:1:      dpeg_arrival_snail, layout_basic
D:2:      layout_loops_ring, ebering_ecumenical_altar_abandoned,
          grunt_ministairs_9, item_on_display_a
D:3:      layout_rooms, lemuel_tele_altar, serial_shops,
          nicolae_shop_behind_doors, grunt_decor_cap, chequers_garden,
          serial_bayou_lagoon_a
D:4:      layout_loops_ring, nicolae_overflow_hidden_temple,
          minmay_temple_entry_ruins, uniq_pikel
D:5:      layout_rooms, lemuel_coloured_pillars_altar
D:6:      layout_loops_ring, gup_sewer_entry_bowl, corner_web_ring
D:7:      layout_basic, water_maze_lemuel, uniq_crazy_yiuf_cottage
D:8:      layout_cave_pools, mainiacjoe_overflow_paths, serial_shops,
          nicolae_diamond_shop, uniq_psyche, uniq_maggie, uniq_maurice
Temple:   regret_index_temple_sphere_string

Skill      XL: |  1  2  3  4  5  6  7  8  9 |
---------------+----------------------------+-----
Axes           | 3 5 6 8 |  8.8
Dodging        | 1 3 4 5 |  5.2
Fighting       | 4 5 6 |  6.9
Armour         | 4 5 6 |  6.9
Shields        | 4 5 6 7 |  7.0
Invocations    | 1 3 |  3.5

Action                   |  1- 3 |  4- 6 |  7- 9 || total
-------------------------+-------+-------+-------++-------
Melee: War axe           |    91 |    47 |   330 ||   468
       Headbutt          |    13 |     7 |    55 ||    75
       Unarmed           |       |       |     1 ||     1
  Use: Scroll            |       |     5 |     7 ||    12
       Potion            |       |     2 |     7 ||     9
Armor: Scale mail        |    41 |     9 |       ||    50
       Chain mail        |       |    26 |   169 ||   195
Dodge: Dodged            |    27 |    10 |    98 ||   135
Block: Kite shield       |    47 |    28 |   178 ||   253
